 Dungeon Crawl Stone Soup version 0.32-a0-86-g8db1b9f803 (webtiles) character file.

Game seed: 2223260588955015658

2773 juan097 the Cleaver (level 9, -6/78 HPs)
             Began as a Minotaur Fighter on Feb 5, 2024.
             Was a Believer of Qazlal.
             Mangled by an orc
             ... wielding a +0 war axe
              (8 damage)
             ... in a bailey.
             The game lasted 00:13:54 (5637 turns).

juan097 the Cleaver (Minotaur Fighter)              Turns: 5637, Time: 00:13:55

Health: -6/78      AC: 11    Str: 24    XL:     9   Next: 42%
Magic:  8/8        EV: 11    Int:  5    God:    Qazlal [**....]
Gold:   162        SH:  8    Dex: 11    Spells: 8/8 levels left

rFire   . . .        a - +0 war axe
rCold   . . .        c - +0 buckler
rNeg    . . .        n - +0 scale mail
rPois   .            p - +0 hat {Stlth+}
rElec   .            y - +0 cloak
rCorr   .            (no gloves)
SInv    .            A - +1 pair of boots
Will    +....        (no amulet)
Stlth   ++           e - ring of willpower
HPRegen 0.33/turn    (no ring)
MPRegen 0.11/turn

%: no passive effects
@: no status effects
A: horns 2, retaliatory headbutt
a: Renounce Religion, Upheaval


You were in a bailey.
You worshipped Qazlal.
Qazlal was pleased with you.
You visited 2 branches of the dungeon, and saw 9 of its levels.
You also visited: Bailey.

You collected 412 gold pieces.
You spent 250 gold pieces at shops.

Inventory:

Hand Weapons
 a - a +0 war axe (weapon)
 b - a +0 sling
Missiles
 h - 13 boomerangs (quivered)
 t - 5 poisoned darts
 D - 4 javelins
Armour
 c - a +0 buckler (worn)
 n - a +0 scale mail (worn)
 p - a +0 hat of stealth (worn)
 y - a +0 cloak (worn)
 A - a +1 pair of boots (worn)
Jewellery
 e - a ring of willpower (left hand)
 F - a ring of wizardry
Scrolls
 i - a scroll of revelation {unknown}
 j - 4 scrolls of identify {unknown}
 m - a scroll of torment {unknown}
 r - a scroll of fog {unknown}
 s - a scroll of immolation {unknown}
 v - a scroll of vulnerability {unknown}
 w - a scroll of enchant weapon {unknown}
 z - 2 scrolls of acquirement {unknown}
 B - a scroll of noise {unknown}
 C - a scroll of silence {unknown}
 E - a scroll of teleportation
 G - a scroll of enchant armour {unknown}
Potions
 d - a potion of attraction {unknown}
 f - 3 potions of degeneration {unknown}
 g - a potion of resistance {unknown}
 k - 2 potions of brilliance {unknown}
 l - a potion of haste {unknown}
 o - 2 potions of curing
 q - 4 potions of heal wounds {unknown}
 u - 3 potions of enlightenment {unknown}
 x - a potion of cancellation {unknown}
 H - a potion of ambrosia {unknown}


   Skills:
 + Level 6.7 Fighting
 + Level 9.7 Axes
 - Level 4.0 Throwing
 - Level 6.0 Armour
 - Level 4.0 Dodging
 - Level 4.0 Stealth
 - Level 6.0 Shields


You had 8 spell levels left.
You didn't know any spells.
Your spell library contained the following spells:

 Spells                   Type           Power      Damage    Failure   Level
 Apportation              Tloc           0%         N/A       82%         1
 Shock                    Conj/Air       0%         1d3       82%         1
 Blink                    Tloc           0%         N/A       91%         2
 Jinxbite                 Hex            0%         N/A       91%         2
 Lesser Beckoning         Tloc           0%         N/A       91%         2
 Momentum Strike          Conj/Tloc      0%         3d8       91%         2
 Summon Ice Beast         Ice/Summ       0%         N/A       99%         3
 Swiftness                Air            0%         N/A       99%         3
 Tukima's Dance           Hex            0%         N/A       99%         3
 Airstrike                Air            0%         2d(0-16)  100%        4
 Dimensional Bullseye     Hex/Tloc       0%         N/A       100%        4
 Iskenderun's Mystic Bla  Conj/Tloc      0%         2d3       100%        4
 Passage of Golubria      Tloc           0%         N/A       100%        4
 Alistair's Intoxication  Alch           0%         N/A       100%        5
 Summon Mana Viper        Hex/Summ       0%         N/A       100%        5
 Yara's Violent Unravell  Hex/Alch       0%         3d3       100%        5
 Monstrous Menagerie      Summ           0%         N/A       100%        7


Dungeon Overview and Level Annotations

Branches:
Dungeon (7/15)             Temple (1/1) D:4          Bailey (1/1)

Altars:
Ashenzari
Cheibriados
Dithmenos
Elyvilon
Fedhas
Gozag
Hepliaklqana
Kikubaaqudgha
Makhleb
Nemelex Xobeh
Okawaru
Qazlal
Ru
Sif Muna
Trog
Uskayaw
Vehumet
Wu Jian
Xom
Yredelemnul
Zin
The Shining One

Shops:
D:5 **![

Annotations:
D:6 Grinder


Innate Abilities, Weirdness & Mutations

You have a pair of horns on your head.
You reflexively headbutt those who attack you in melee.


Message History

* * * LOW HITPOINT WARNING * * *
The orc warrior hits you but does no damage.
You hit the orc warrior. Your headbutt misses the orc warrior.
The orc warrior is almost dead.
You barely miss the orc warrior. You hit the orc warrior.
You block the orc warrior's attack.
The orc warrior hits you with a +0 hand axe!
* * * LOW HITPOINT WARNING * * *
The orc warrior hits you with a +0 hand axe!
* * * LOW HITPOINT WARNING * * *
Unknown command.
You slash the orc warrior!
You kill the orc warrior!
Qazlal accepts your kill.
You closely miss the orc warrior. You hit the orc warrior.
The orc warrior barely misses you. You furiously retaliate!
You headbutt the orc warrior!
You kill the orc warrior!
Qazlal accepts your kill.
The orc warrior hits you but does no damage.
Training target 4.0 for Throwing reached!
Your Throwing skill increases to level 4!
You slash the orc warrior!
You kill the orc warrior!
Qazlal accepts your kill.
You hit the goblin but do no damage. You hit the hobgoblin.
The hobgoblin misses you. The goblin barely misses you.
You barely miss the orc. Your headbutt misses the orc. You hit the goblin.
You kill the goblin!
Qazlal accepts your kill.
You barely miss the hobgoblin.
The hobgoblin hits you but does no damage.
The orc hits you but does no damage.
You hit the orc but do no damage. Your headbutt misses the orc.
You hit the hobgoblin.
You kill the hobgoblin!
Qazlal accepts your kill. The orc barely misses you.
You closely miss the orc. The orc hits you with a +0 war axe!
You die...

###.....)...##))....♣♣♣
#...)...)...#).......♣
#.......)...').......♣
#.....⌠.....'..∩.∩..♣♣
#...........'.......♣
#...........#.......♣
###.........##.......♣
###.###.)§o.###♣♣♣....♣♣
###.....#)#@### ♣♣...♣ .
##.......o.### ♣♣♣♣♣ .g
#...o.oo....# ..o
#...g.......#
o...#[....⌠.....#
.g.g'†..........#
....#)..........# ...
##.........## .#
###.....###


You could see an orc.

Vanquished Creatures
  Eustachio (D:5)
  7 orc warriors (Bailey)
  2 sky beasts (D:6)
  Pargi (D:3)
  A black bear (D:6)
  2 ice beasts (D:6)
  A centaur (D:6)
  2 ogres
  2 scorpions (D:5)
  4 bullfrogs
  A howler monkey (D:5)
  3 hounds
  2 bombardier beetles
  3 jellies
  An orc priest (D:3)
  A sleepcap (D:6)
  Terence (D:3)
  5 orc wizards
  Natasha (thrice) (D:3)
  An iguana (D:5)
  3 gnolls
  8 adders
  A shadow imp (D:5)
  2 dart slugs
  4 ribbon worms
  20 orcs
  16 endoplasms
  17 goblins
  10 hobgoblins
  3 quokkas
  16 ball pythons
  4 bats (D:2)
  13 kobolds
  4 rats
165 creatures vanquished.

Notes
Turn   | Place    | Note
-------+----------+-------------------------------------------
     0 | D:1      | juan097 the Minotaur Fighter began the quest for the Orb.
     0 | D:1      | Reached XP level 1. HP: 19/19 MP: 0/0
    51 | D:1      | Reached XP level 2. HP: 26/27 MP: 1/1
   133 | D:1      | Reached skill level 3 in Axes
   271 | D:1      | Reached XP level 3. HP: 33/33 MP: 2/2
   287 | D:1      | Reached skill level 1 in Dodging
  1411 | D:3      | Noticed Pargi
  1419 | D:3      | Killed Pargi
  1420 | D:3      | Reached skill level 4 in Axes
  1420 | D:3      | Reached skill level 1 in Stealth
  1420 | D:3      | Reached XP level 4. HP: 39/40 MP: 3/3
  1420 | D:3      | Reached XP level 5. HP: 45/46 MP: 4/4
  1436 | D:3      | Noticed Natasha
  1445 | D:3      | Killed Natasha
  1605 | D:3      | Noticed Terence
  1614 | D:3      | Killed Terence
  1784 | D:3      | Noticed Natasha
  1792 | D:3      | Killed Natasha
  1793 | D:3      | Reached skill level 5 in Axes
  1793 | D:3      | Reached XP level 6. HP: 12/52 MP: 5/5
  1818 | D:3      | Noticed Natasha
  1974 | D:3      | Killed Natasha
  1985 | D:3      | Reached skill level 5 in Shields
  2230 | D:3      | Found a glowing golden altar of the Shining One.
  2230 | D:3      | Found a shimmering blue altar of Sif Muna.
  2230 | D:3      | Found an ornate altar of the Wu Jian Council.
  2230 | D:3      | Found a radiant altar of Vehumet.
  2230 | D:3      | Found a stormy altar of Qazlal.
  2230 | D:3      | Found a stormy altar of Qazlal.
  2410 | D:3      | Became a worshipper of Qazlal Stormbringer
  2656 | D:4      | Reached XP level 7. HP: 51/59 MP: 6/6
  2726 | D:4      | Reached skill level 6 in Axes
  3227 | D:4      | Found a staircase to the Ecumenical Temple.
  3240 | Temple   | Entered the Ecumenical Temple
  3286 | D:5      | Entered Level 5 of the Dungeon
  3304 | D:5      | Reached * piety under Qazlal
  3340 | D:5      | Found a shimmering altar of Xom.
  3607 | D:5      | Found Ririg's Distillery.
  3611 | D:5      | Found Ifagomir's General Store.
  3611 | D:5      | Found Nosis's Antique Armour Emporium.
  3618 | D:5      | Found Weraics's General Store.
  3639 | D:5      | Bought a pair of glowing boots for 187 gold pieces
  3769 | D:5      | Reached skill level 7 in Axes
  3952 | D:5      | Bought a potion of curing for 30 gold pieces
  3956 | D:5      | Bought a scroll of teleportation for 33 gold pieces
  3994 | D:6      | Reached XP level 8. HP: 63/66 MP: 7/7
  4072 | D:6      | Reached skill level 8 in Axes
  4322 | D:6      | Noticed Grinder
  4362 | D:5      | Reached skill level 1 in Throwing
  4439 | D:5      | Noticed Eustachio
  4593 | D:6      | Reached skill level 5 in Fighting
  4593 | D:6      | Reached skill level 5 in Armour
  5135 | D:5      | Killed Eustachio
  5136 | D:5      | Reached skill level 9 in Axes
  5136 | D:5      | Reached XP level 9. HP: 60/74 MP: 8/8
  5298 | D:7      | You fall into a shaft and drop 3 floors!
  5298 | D:10     | Entered Level 10 of the Dungeon
  5304 | D:10     | Found a flagged portal.
  5313 | Bailey   | Entered a bailey
  5407 | Bailey   | Reached ** piety under Qazlal
  5632 | Bailey   | HP: 1/75 [orc warrior/+0 hand axe (8)]
  5637 | Bailey   | Mangled by an orc

Illustrated notes

Levels and vault maps discovered:
D:1:      lightli_arrival_boilingwater, layout_rooms
D:2:      layout_basic, minmay_fractal_squares_gapless_5
D:3:      cheibrodos_fertilizer, layout_loops_ring, hangedman_glass_teeth,
          uniq_terence, uniq_pargi, uniq_natasha
D:4:      layout_loops_ring, lemuel_temple_firewalk_b
D:5:      layout_basic, xom_teletrap_fun, minmay_shop_grid_forest,
          uniq_eustachio
D:6:      layout_layer_cave, uniq_grinder
D:7:      minmay_general_purpose_star, layout_basic, uniq_jeremiah
D:10:     minmay_polygon_palace, layout_cave_pools, enter_bailey_8
Temple:   regret_index_temple_sigil_plot
Bailey:   bailey_axe_minmay_hex_keep, bailey

Skill      XL: |  1  2  3  4  5  6  7  8  9 |
---------------+----------------------------+-----
Axes           | 3 4 5 7 9 |  9.7
Dodging        | 1 2 3 4 |  4.0
Armour         | 4 5 6 |  6.0
Shields        | 4 5 6 |  6.0
Fighting       | 4 5 6 |  6.7
Stealth        | 1 2 3 4 |  4.0
Throwing       | 3 4 |  4.0

Action                     |  1- 3 |  4- 6 |  7- 9 || total
---------------------------+-------+-------+-------++-------
  Melee: War axe           |   102 |    93 |   211 ||   406
         Headbutt          |     8 |    11 |    28 ||    47
   Fire: Sling             |     8 |    14 |    58 ||    80
  Throw: Boomerang         |     1 |       |    12 ||    13
         Dart              |       |       |    10 ||    10
    Use: Potion            |     1 |       |     1 ||     2
   Stab: Sleeping          |       |     3 |     1 ||     4
 Armour: Scale mail        |    96 |    60 |   133 ||   289
  Dodge: Dodged            |    51 |    43 |   100 ||   194
  Block: Buckler           |    28 |    15 |    69 ||   112

Table legend: (Time is in decaauts)
 A = Elapsed time spent in this place.
 B = Non-inter-level travel time spent in this place.
 C = Inter-level travel time spent in this place.
 D = Time resting spent in this place.
 E = Time spent auto-exploring this place.
 F = Levels seen in this place.
 G = Mean time per level.
                   A        B        C        D        E       F      G
               +--------+--------+--------+--------+--------+-----+--------+
         Total |   5748 |   5345 |    403 |    146 |   3781 |  10 |  574.8 |
       Dungeon |   5418 |   5015 |    403 |    146 |   3622 |   8 |  677.2 |
        Temple |      1 |      1 |      0 |      0 |      0 |   1 |    1.0 |
        Bailey |    328 |    328 |      0 |      0 |    159 |   1 |  328.0 |
               +--------+--------+--------+--------+--------+-----+--------+

Top non-repeatable levels by time:
     D:3: 1102 daAuts
     D:6: 1016 daAuts
     D:2: 1006 daAuts
     D:5: 931 daAuts
     D:4: 849 daAuts
     D:1: 402 daAuts
  Bailey: 328 daAuts
     D:7: 94 daAuts
    D:10: 14 daAuts
  Temple: 1 daAuts
